 Dungeon Crawl Stone Soup version 0.30-a0-1043-g60ff8d5f49 (webtiles) character file.

Game seed: 918006390920467139

7 Esekla the Sneak (level 2, -1/21 HPs)
             Began as an Octopode Delver on Apr 9, 2023.
             Slain by a phantom (2 damage)
             ... on level 5 of the Dungeon.
             The game lasted 00:02:09 (201 turns).

Esekla the Sneak (Octopode Delver)                   Turns: 201, Time: 00:02:09

Health: -1/21      AC:  1    Str: 11    XL:     2   Next: 4%
Magic:  2/2        EV: 13    Int: 12    God:
Gold:   10         SH:  0    Dex: 13    Spells: 1/1 levels left

rFire   . . .      SeeInvis .    a - +0 falchion
rCold   . . .      Faith    .    (no shield)
rNeg    . . .      Spirit   .    (helmet restricted)
rPois   .          Reflect  .    (no amulet)
rElec   .          Rampage  .    (no ring)
rCorr   .                        (no ring)
Will    .....                    (no ring)
Stlth   ++++                     (no ring)
HPRegen 0.23/turn                (no ring)
MPRegen 0.08/turn                (no ring)
                                 (no ring)
                                 (no ring)

@: hasted, very quick
A: almost no armour, amphibious, 8 rings, camouflage 1, gelatinous body 1,
(nimble swimmer 1), tentacles
a: no special abilities


You were on level 5 of the Dungeon.
You visited 1 branch of the dungeon, and saw 1 of its levels.

You collected 10 gold pieces.

Inventory:

Hand Weapons
 a - a +0 falchion (weapon)
Wands
 f - a wand of digging (3)
Scrolls
 b - a scroll of fog
 c - a scroll of butterflies {unknown}
 d - a scroll of fear
 e - a scroll of identify {unknown}


   Skills:
 * Level 3.1 Fighting
 * Level 2.1 Long Blades
 * Level 2.1 Dodging
 + Level 6.8 Stealth
 * Level 0.2 Spellcasting


You had one spell level left.
You didn't know any spells.
Your spell library was empty.

Dungeon Overview and Level Annotations

Branches:
Dungeon (5/15)             Temple (0/1) D:5

Altars:


Innate Abilities, Weirdness & Mutations

You cannot wear most types of armour.
You are amphibious.
You can wear up to eight rings at the same time.
Your skin changes colour to match your surroundings (Stealth+).
Your rubbery body absorbs attacks. (AC +1, EV +1)
((You are camouflaged when in or above water. (Stealth+)))
You have tentacles for arms and can constrict up to eight enemies at once.


Message History

You feel yourself speed up. The phantom misses you.
A scorpion comes into view.
There is a fountain of clear blue water here.
Found 3 javelins.
Found a staircase to the Ecumenical Temple.
Found a scroll labelled BIGEIS XO UNETS.
There is a fountain of clear blue water here.
You see here a scroll labelled BIGEIS XO UNETS.
e - a scroll labelled BIGEIS XO UNETS You have 10 gold pieces.
Unknown command.
Okay, then.
You hit the phantom.
You squeeze the phantom, but do no damage.
The phantom is lightly damaged.
You barely miss the phantom. You squeeze the phantom!
The phantom is heavily damaged.
The phantom closely misses you.
You barely miss the phantom. You squeeze the phantom!
The phantom is severely damaged.
The phantom hits you!
You miss the phantom.
The phantom is severely damaged.
The phantom hits you!
* * * LOW HITPOINT WARNING * * *
The phantom blinks!
You blink.
You hit the phantom but do no damage. You squeeze the phantom.
The phantom is almost destroyed.
You closely miss the phantom.
The phantom is almost destroyed.
The phantom hits you.
* * * LOW HITPOINT WARNING * * *
The phantom blinks!
You blink.
You miss the phantom.
The phantom is almost destroyed.
The phantom closely misses you.
You miss the phantom.
The phantom is almost destroyed.
The phantom hits you.
You die...

,,,,*#.⌠,#(⌠...⌠.#
**,**#..,#...#...#
8,,**##.###.######
,,,,,#...#...#.§§#
*,***#.>...⌠...⌠.#
**** #...#...#...#
,,,**######§###.##
,,,,*#...#...#...#
,,,,,#.⌠...⌠.#.W@#
,,,,,#...#...#...#
,,,,,##########.##
,,,,,,*###W......#
,,,,,**#.......###
,,,,** #.#####.#
.,,** #.# #.# #+#*
#W###*#.# #.#
#.#..,..#


You could see a phantom.

Vanquished Creatures
  A shadow imp (D:5)
1 creature vanquished.

Notes
Turn   | Place    | Note
-------+----------+-------------------------------------------
     0 | D:5      | Esekla the Octopode Delver began the quest for the Orb.
     0 | D:5      | Reached XP level 1. HP: 16/16 MP: 1/1
    21 | D:5      | Noticed a sleepcap
   112 | D:5      | Reached XP level 2. HP: 21/21 MP: 2/2
   155 | D:5      | Noticed a phantom
   170 | D:5      | Noticed a scorpion
   177 | D:5      | Found a staircase to the Ecumenical Temple.
   199 | D:5      | HP: 1/21 [phantom (6)]
   201 | D:5      | Slain by a phantom

Illustrated notes

Levels and vault maps discovered:
D:5:      layout_loops_corners, minmay_temple_entry_nine_rooms,
          gup_sewer_entry_bowl, chequers_avenue

Action                     || total
---------------------------++-------
  Melee: Falchion          ||    11
         Tentacles         ||     5
         Constrict         ||     1
    Use: Scroll            ||     1
         Potion            ||     1
  Dodge: Dodged            ||     5

Table legend: (Time is in decaauts)
 A = Elapsed time spent in this place.
 B = Non-inter-level travel time spent in this place.
 C = Inter-level travel time spent in this place.
 D = Time resting spent in this place.
 E = Time spent auto-exploring this place.
 F = Levels seen in this place.
 G = Mean time per level.
                   A        B        C        D        E       F      G
               +--------+--------+--------+--------+--------+-----+--------+
         Total |    188 |    188 |      0 |      0 |      0 |   1 |  188.0 |
       Dungeon |    188 |    188 |      0 |      0 |      0 |   1 |  188.0 |
               +--------+--------+--------+--------+--------+-----+--------+

Top non-repeatable levels by time:
     D:5: 188 daAuts
